 Dungeon Crawl Stone Soup version 0.22-a0-268-g1cc83efe17 (webtiles) character file.

0 Manul the Ducker (level 1, -10/11 HPs)
             Began as a Spriggan Abyssal Knight on Mar 9, 2018.
             Was a Follower of Lugonu.
             Mangled by a blink frog (16 damage)
             ... on level 2 of the Abyss.
             The game lasted 00:00:15 (71 turns).

Manul the Ducker (Spriggan Abyssal Knight)            Turns: 71, Time: 00:00:15

Health: -10/11     AC:  2    Str:  8    XL:     1   Next: 0%
Magic:  3/3        EV: 18    Int: 13    God:    Lugonu [*.....]
Gold:   0          SH:  0    Dex: 15    Spells: 0/0 levels left

rFire    . . .     SeeInvis +   a - +1 short sword
rCold    . . .     Gourm    .   (shield restricted)
rNeg     . . .     Faith    .   b - +0 robe
rPois    .         Spirit   .   (helmet restricted)
rElec    .         Reflect  .   (no cloak)
rCorr    .         Harm     .   (gloves unavailable)
MR       .....                  (boots unavailable)
Stlth    +.........             (no amulet)
HPRegen  0.03/turn              (no ring)
MPRegen  0.08/turn              (no ring)

@: very quick
A: very small, unfitting armour, see invisible, herbivore, speed 3, slow
metabolism 2
a: Depart the Abyss, Renounce Religion


You were on level 2 of the Abyss.
You worshipped Lugonu.
Lugonu was aware of your devotion.
You were not hungry.

You visited 0 branches of the dungeon, and saw 0 of its levels.
You visited the Abyss 1 time.

Inventory:

Hand Weapons
 a - a +1 short sword (weapon)
Armour
 b - a +0 robe (worn)
Comestibles
 c - a ration


   Skills:
 + Level 2.4 Fighting
 + Level 2.1 Short Blades
 + Level 3.5 Dodging
 + Level 1.7 Invocations


You couldn't memorise any spells.
You didn't know any spells.

Dungeon Overview and Level Annotations

Branches:
Dungeon (0/15)

Altars:


Innate Abilities, Weirdness & Mutations

You are very small and have problems with some larger weapons.
You are too small for most types of armour.
You have supernaturally acute eyesight. (SInv)
You are a herbivore.
You cover ground extremely quickly.
You need to consume almost no food.


Message History

A starspawn tentacle comes into view.
The starspawn tentacle barely misses you.
The starspawn tentacle grabs you. The starspawn tentacle constricts you.
The starspawn tentacle's grasp on you weakens, but your attempt to escape fails.
Something loses its grip on you. The starspawn tentacle grabs you.
The starspawn tentacle constricts you. 2 starspawn tentacle segments come into view.
You escape the starspawn tentacle's grasp.
The starspawn tentacle closely misses you. 2 blink frogs come into view.
The blink frog gives a loud, deep croak!
You hear a croak. x2; The blink frog croaks.
You hear a loud, deep croak!
The starspawn tentacle closely misses you.
You hear a loud, deep croak!
A blink frog comes into view. 2 blink frogs come into view.
The blink frog croaks. x2
The blink frog blinks!
The blink frog hits you!
Ouch! That really hurt!
You die...

. #. ## ... . # ####.
#.# #. ## #. ...## #
.##..#... ##.F##..###
.. .... . #.. ..F.#.#
........ #..#
#§#F####...Λ ...
#..##..#....#.──...#
#...F....#.#w ─ ...
...#.@.#..#.#..
......
#..#####...#..#......
#. ##.###........ ..
..# #.#...... ## .#.#
. . ..... .#...
#.#...(.. ##
#.......# .....


You could see 2 blink frogs.

Vanquished Creatures (others)
  2 starspawn tentacles (Abyss:2)
2 creatures vanquished.

Notes
Turn   | Place    | Note
-------+----------+-------------------------------------------
     0 | Abyss:1  | Manul the Spriggan Abyssal Knight began the quest for the Orb.
     0 | Abyss:1  | Reached XP level 1. HP: 11/11 MP: 3/3
    49 | Abyss:2  | Noticed a tentacled starspawn
    65 | Abyss:2  | Noticed a blink frog
    65 | Abyss:2  | Noticed a blink frog
    66 | Abyss:2  | Noticed a blink frog
    67 | Abyss:2  | Noticed a blink frog
    67 | Abyss:2  | Noticed a blink frog
    71 | Abyss:2  | Mangled by a blink frog

Vault maps used:
Abyss:1:  evilmike_abyss_exit_13

Action                   || total
-------------------------++-------
Dodge: Dodged            ||     3

Table legend:
 A = Spawn XP
 B = Non-spawn XP
 C = Spawn XP percentage of total XP
 D = Spawn monster count
 E = Non-spawn monster count
 F = Spawn count percentage of total count
 G = Total turns spent on level
                    A         B        C        D         E        F      G
               +---------+---------+-------+---------+---------+-------+---------
         Total |       0 |       0 |   N/A |       0 |       0 |   N/A |    71
               +---------+---------+-------+---------+---------+-------+---------
               +---------+---------+-------+---------+---------+-------+---------
